 Dungeon Crawl Stone Soup version 0.30-a0-881-g1ff12e1e11 (webtiles) character file.

Game seed: 18134701986850694806

448 howech the Sneak (level 7, -6/41 HPs)
             Began as an Octopode Enchanter on Mar 14, 2023.
             Was an Initiate of Ashenzari.
             Mangled by Edmund
             ... wielding a +2 heavy flail
              (12 damage)
             ... on level 5 of the Dungeon.
             The game lasted 00:11:35 (3200 turns).

howech the Sneak (Octopode Enchanter)               Turns: 3200, Time: 00:11:37

Health: -6/41      AC:  1    Str:  7    XL:     7   Next: 4%
Magic:  9/11       EV: 13    Int: 20    God:    Ashenzari [......]
Gold:   228        SH:  0    Dex: 12    Spells: 6/11 levels left

rFire   . . .      SeeInvis .    a - +1 dagger
rCold   + + .      Faith    .    (no shield)
rNeg    . . .      Spirit   .    (helmet restricted)
rPois   .          Reflect  .    (no amulet)
rElec   .          Rampage  .    h - ring of protection from cold
rCorr   .                        l - ring of protection from cold
Will    .....                    (no ring)
Stlth   ++++                     (no ring)
HPRegen 0.26/turn                (no ring)
MPRegen 0.12/turn                (no ring)
                                 (no ring)
                                 (no ring)

@: invisible
A: almost no armour, amphibious, 8 rings, camouflage 1, gelatinous body 1,
(nimble swimmer 1), tentacles
a: Renounce Religion


You were on level 5 of the Dungeon.
You worshipped Ashenzari.
Ashenzari was noncommittal.
You visited 2 branches of the dungeon, and saw 6 of its levels.

You collected 228 gold pieces.

Inventory:

Hand Weapons
 a - a +1 dagger (weapon)
Missiles
 d - 3 poisoned darts (quivered)
Jewellery
 h - a ring of protection from cold (left tentacle)
 l - a ring of protection from cold (right tentacle)
Scrolls
 c - a scroll of teleportation
 e - a scroll of enchant weapon {unknown}
 g - 2 scrolls of identify
Potions
 b - a potion of invisibility
 f - 4 potions of might
 i - a potion of resistance


   Skills:
 + Level 2.3 Short Blades
 + Level 3.0 Dodging
 * Level 6.3 Stealth
 + Level 2.9 Spellcasting
 + Level 1.9 Conjurations
 * Level 4.4 Hexes
 + Level 1.9 Ice Magic


You had 6 spell levels left.
You knew the following spells:

 Your Spells              Type           Power      Damage    Failure   Level
a - Ensorcelled Hibernat  Hex/Ice        30%        N/A       6%          2
b - Confusing Touch       Hex            20%        N/A       7%          3

Your spell library contained the following spells:

 Spells                   Type           Power      Damage    Failure   Level
 Tukima's Dance           Hex            20%        N/A       7%          3
 Dazzling Flash           Conj/Hex       30%        N/A       12%         3
 Olgreb's Toxic Radiance  Pois           2%         N/A       82%         4
 Ozocubu's Refrigeration  Ice            5%         4d8       100%        7
 Ignition                 Fire           1%         3d3       100%        8


Dungeon Overview and Level Annotations

Branches:
Dungeon (5/15)             Temple (1/1) D:4

Altars:
Ashenzari
Cheibriados
Fedhas
Hepliaklqana
Nemelex Xobeh
Okawaru
Sif Muna
Uskayaw
Vehumet
Yredelemnul
The Shining One

Annotations:
D:5 Edmund


Innate Abilities, Weirdness & Mutations

You cannot wear most types of armour.
You are amphibious.
You can wear up to eight rings at the same time.
Your skin changes colour to match your surroundings (Stealth+).
Your rubbery body absorbs attacks. (AC +1, EV +1)
((You are camouflaged when in or above water. (Stealth+)))
You have tentacles for arms and can constrict up to eight enemies at once.


Message History

The orc priest miscasts a cantrip.
The ufetubus closely misses you. The ufetubus misses you.
You hit the ufetubus. You grab the ufetubus. You squeeze the ufetubus.
The ufetubus is severely wounded.
You constrict the ufetubus. The ufetubus closely misses you.
The ufetubus barely misses you.
You hit the ufetubus but do no damage.
The ufetubus is almost dead.
You constrict the ufetubus.
You kill the ufetubus!
Found a puce potion.
The orc priest misses you.
You closely miss the orc priest. You grab the orc priest.
You constrict the orc priest, but do no damage.
The orc priest hits you but does no damage.
You strike the helpless orc priest from behind!
You puncture the orc priest!
The orc priest is severely wounded.
You constrict the orc priest.
The orc priest mumbles some strange prayers to Beogh against something.
Edmund the Younger comes into view.
He is wielding a +2 heavy flail.
Edmund shouts!
You hit the orc priest but do no damage.
You squeeze the orc priest.
You kill the orc priest!
Your Dodging skill increases to level 3!
You have reached level 7!
Things that are here:
a +0 hand axe; a +0 leather armour
Casting: Ensorcelled Hibernation (safe; 6% risk of failure)
Confirm with . or Enter, or press ? or * to list all spells.
Aiming: Ensorcelled Hibernation (safe; 6% risk of failure)
Press: ? - help, Shift-Dir - straight line, f - Edmund
Aim: Edmund, wielding a +2 heavy flail and wearing a +0 leather armour (wandering, unable to see you, hasn't noticed you, chance to affect: 49%) Edmund looks drowsy...
The orc shouts!
You hear a shout!
The helpless Edmund fails to defend himself.
You impale Edmund!! You grab Edmund. You squeeze Edmund.
Edmund is heavily wounded.
You constrict Edmund. Edmund hits you with a +2 heavy flail!
You die... ...# #...P.P...P(P.P# ##.# #...PPP.PPPPPPP#

#.###...P.....P...P#
#.......P.P.P.P.PPP##
###.#.#..P.P.P.).P...#
........#PPP.P.P.P.P.#
###.#.#......P?P)!.P!#
#.†....#PPPPPPP.PPP.#
##.#.#.#######.@....#
......##### #@######
###.#.#...... #.#
............ #.#
..#.#.#..... ...
.#.....# ## #.
###.#.##.# #.
##.......# #.
..#.#.######


You could see Edmund (unable to see you).

Vanquished Creatures
  2 scorpions
  2 hounds
  An orc priest (D:5)
  An iguana (D:5)
  Natasha (thrice) (D:3)
  An orc wizard (D:5)
  5 adders
  An ufetubus (D:5)
  A worm (D:2)
  4 dart slugs
  4 ball pythons
  6 endoplasms
  A giant cockroach (D:4)
  8 goblins
  10 hobgoblins
  4 jackals (D:3)
  3 quokkas
  3 bats
  5 frilled lizards
  2 kobolds (D:2)
  8 rats
75 creatures vanquished.

Notes
Turn   | Place    | Note
-------+----------+-------------------------------------------
     0 | D:1      | howech the Octopode Enchanter began the quest for the Orb.
     0 | D:1      | Reached XP level 1. HP: 11/11 MP: 3/3
     6 | D:1      | Noticed a polar bear
     6 | D:1      | Noticed a wolf
     6 | D:1      | Noticed a swamp worm
     7 | D:1      | Noticed a scorpion
     7 | D:1      | Noticed a black mamba
   153 | D:1      | Reached XP level 2. HP: 17/17 MP: 5/5
   172 | D:1      | Learned a level 2 spell: Ensorcelled Hibernation
   454 | D:1      | Reached XP level 3. HP: 21/21 MP: 3/6
  1077 | D:2      | Reached XP level 4. HP: 22/27 MP: 7/7
  1667 | D:3      | Noticed Natasha
  1686 | D:3      | Killed Natasha
  1687 | D:3      | Reached skill level 5 in Stealth
  1687 | D:3      | Reached skill level 1 in Conjurations
  1771 | D:3      | Noticed Natasha
  1787 | D:3      | Killed Natasha
  1788 | D:3      | Reached skill level 1 in Ice Magic
  1788 | D:3      | Reached XP level 5. HP: 31/31 MP: 4/8
  2085 | D:3      | Noticed Natasha
  2096 | D:3      | Killed Natasha
  2454 | D:4      | Learned a level 3 spell: Confusing Touch
  2468 | D:4      | Found a glowing golden altar of the Shining One.
  2550 | D:4      | Found a staircase to the Ecumenical Temple.
  2559 | Temple   | Entered the Ecumenical Temple
  2589 | Temple   | Became a worshipper of Ashenzari the Shackled
  2673 | D:4      | Reached XP level 6. HP: 36/36 MP: 6/10
  2896 | D:5      | Entered Level 5 of the Dungeon
  2988 | D:5      | Reached skill level 6 in Stealth
  3194 | D:5      | Noticed Edmund
  3196 | D:5      | Reached XP level 7. HP: 5/41 MP: 11/11
  3200 | D:5      | Mangled by Edmund

Illustrated notes

Levels and vault maps discovered:
D:1:      onia_arrival_zoo_common, layout_rooms, st_stairs_6,
          palyth_stone_intersect
D:2:      layout_basic
D:3:      layout_basic, uniq_natasha
D:4:      layout_rooms, mainiacjoe_overflow_boulevard,
          minmay_temple_entry_waves, grunt_decor_fettered
D:5:      layout_loops_ring, mainiacjoe_overflow_tiny_flanked, st_stairs_13,
          corner_web_ring, grunt_decor_arrowhead, minmay_hedge_maze,
          chequers_serial_rivers_micro_c, uniq_edmund
Temple:   hellmonk_temple_rainy

Skill      XL: |  1  2  3  4  5  6 |
---------------+-------------------+-----
Stealth        | 5 6 |  6.3
Conjurations   | 1 |  1.9
Ice Magic      | 1 |  1.9
Short Blades   | 2 |  2.3
Hexes          | 4 |  4.4
Dodging        | 3 |  3.0
Spellcasting   | |  2.9

Action                     |  1- 3 |  4- 6 |  7- 9 || total
---------------------------+-------+-------+-------++-------
  Melee: Dagger            |    56 |    74 |     1 ||   131
         Constrict         |     9 |    15 |     1 ||    25
         Tentacles         |     9 |    17 |     1 ||    27
         Punch             |       |     1 |       ||     1
   Cast: Ensorcelled Hiber |     7 |     8 |     1 ||    16
    Use: Scroll            |     3 |     6 |       ||     9
         Potion            |       |     1 |       ||     1
   Stab: Sleeping          |    22 |    15 |     1 ||    38
         Distracted        |       |     1 |       ||     1
         Invisible         |       |     2 |       ||     2
 Armour: Skin              |     3 |     3 |       ||     6
  Dodge: Dodged            |    17 |    40 |       ||    57

Table legend: (Time is in decaauts)
 A = Elapsed time spent in this place.
 B = Non-inter-level travel time spent in this place.
 C = Inter-level travel time spent in this place.
 D = Time resting spent in this place.
 E = Time spent auto-exploring this place.
 F = Levels seen in this place.
 G = Mean time per level.
                   A        B        C        D        E       F      G
               +--------+--------+--------+--------+--------+-----+--------+
         Total |   3206 |   3152 |     54 |    343 |   2126 |   6 |  534.3 |
       Dungeon |   3168 |   3114 |     54 |    343 |   2125 |   5 |  633.6 |
        Temple |     38 |     38 |      0 |      0 |      1 |   1 |   38.0 |
               +--------+--------+--------+--------+--------+-----+--------+

Top non-repeatable levels by time:
     D:3: 983 daAuts
     D:2: 781 daAuts
     D:1: 695 daAuts
     D:4: 406 daAuts
     D:5: 301 daAuts
  Temple: 38 daAuts
